 Dungeon Crawl Stone Soup version 0.30.0-3-ga4e48a9924 (webtiles) character file.

Game seed: 7701195566716572180

534 Sabo the Chopper (level 7, 0/36 HPs)
             Began as a Vine Stalker Fighter on May 7, 2023.
             Was a Follower of Dithmenos.
             Succumbed to a gnoll's poison
             ... on level 5 of the Dungeon.
             The game lasted 00:20:05 (4115 turns).

Sabo the Chopper (Vine Stalker Fighter)             Turns: 4115, Time: 00:20:05

Health: 0/36       AC: 19    Str: 20    XL:     7   Next: 25%
Magic:  8/8        EV:  8    Int:  8    God:    Dithmenos [*.....]
Gold:   247        SH:  5    Dex: 14    Spells: 6/6 levels left

rFire   . . .        a - +0 war axe
rCold   . . .        c - +0 buckler
rNeg    . . .        r - +0 chain mail
rPois   .            (no helmet)
rElec   .            (no cloak)
rCorr   .            q - +0 pair of gloves
SInv    .            e - +0 pair of boots
Will    .....        (no amulet) Stlth
                     l - +4 ring of protection
HPRegen 1.06/turn    m - +4 ring of protection
MPRegen 0.11/turn

%: guardian spirit
@: lethally poisoned (0 -> -3), wreathed by umbra
A: fangs 2, regeneration 1, magic shield, antimagic bite, no potion heal 2
a: Renounce Religion


You were on level 5 of the Dungeon.
You worshipped Dithmenos.
Dithmenos was aware of your devotion.
You visited 1 branch of the dungeon, and saw 5 of its levels.

You collected 247 gold pieces.

Inventory:

Hand Weapons
 a - a +0 war axe (weapon)
Missiles
 j - 10 poisoned darts (quivered)
Armour
 c - a +0 buckler (worn)
 e - a +0 pair of boots (worn)
 q - a +0 pair of gloves (worn)
 r - a +0 chain mail (worn)
Jewellery
 l - a +4 ring of protection (left hand)
 m - a +4 ring of protection (right hand)
Wands
 n - a wand of flame (18)
Scrolls
 b - a scroll of noise {unknown}
 h - a scroll of teleportation
 k - a scroll of blinking
 p - a scroll of magic mapping
 t - a scroll of enchant weapon
 u - a scroll of immolation {unknown}
Potions
 d - 2 potions of flight
 f - a potion of haste
 g - a potion of brilliance {unknown}
 i - a potion of degeneration {unknown}
 o - a potion of curing {unknown}
 s - a potion of attraction {unknown}


   Skills:
 + Level 3.4 Fighting
 + Level 4.9 Axes
 + Level 3.7 Armour
 + Level 1.5 Dodging
 + Level 0.5 Stealth
 + Level 3.5 Shields


You had 6 spell levels left.
You didn't know any spells.
Your spell library contained the following spells:

 Spells                   Type           Power      Damage    Failure   Level
 Cigotuvi's Dreadful Rot  Necr/Pois/Air  0%         N/A       99%         2
 Ignite Poison            Fire/Tmut/Pois 0%         N/A       100%        3
 Freezing Cloud           Conj/Ice/Air   0%         6-21      100%        5


Dungeon Overview and Level Annotations

Branches:
Dungeon (5/15)
 Temple: D:4-7

Altars:
Dithmenos
Fedhas

Annotations:
D:4 2 transporters, Taurus's ghost, amateur MiFi


Innate Abilities, Weirdness & Mutations

You have extremely sharp teeth.
Your natural rate of healing is unusually fast.
When hurt, damage is shared between your health and your magic reserves.
Your bite disrupts and absorbs the magic of your enemies.
Potions cannot restore your health.


Message History

You are poisoned.
You slash the gnoll sergeant!
You kill the gnoll sergeant!
Dithmenos accepts your kill.
You feel very sick. The gnoll misses you.
You feel sick.
You feel sick.
You feel sick. The gnoll hits you but does no damage.
You are more poisoned.
You see here a hound corpse.
You feel sick. The gnoll hits you but does no damage.
You are more poisoned.
Items here: ! ) ? †.
You barely miss the gnoll.
You feel very sick. You block the gnoll's attack. The gnoll closely misses you.
You closely miss the gnoll.
You feel very sick. The gnoll hits you but does no damage.
You are more poisoned.
You hit the gnoll.
The gnoll is lightly wounded.
You feel very sick. The gnoll hits you but does no damage.
You are lethally poisoned!
You hit the gnoll.
The gnoll is heavily wounded.
* * * LOW HITPOINT WARNING * * *
You feel very sick. The gnoll barely misses you.
You hit the gnoll. You bite the gnoll. You drain its power.
You feel invigorated.
The gnoll is severely wounded.
* * * LOW HITPOINT WARNING * * *
You feel very sick. The gnoll completely misses you.
The gnoll barely misses you.
You closely miss the gnoll. You bite the gnoll. You drain its power.
The gnoll is almost dead.
You die...

.. ... .. .. ......
..##. ...... .....#
...... ......##
#.....
.......##......
#....)....# #
#....g).# .. #.
#.....@)## #..
#..##.....†..## #...
..............##....
.##...)..........#
##......##....#
#......##)....#
###....###..####
#.....##.)..##
#..<...#)....#


You could see a gnoll.

Vanquished Creatures
  A phantom (D:4)
  2 gnoll sergeants (D:5)
  2 hounds (D:5)
  A gnoll bouda (D:5)
  9 gnolls (D:5)
  6 adders
  A white imp (D:5)
  2 worms
  A dart slug (D:1)
  An orc (D:4)
  6 ball pythons
  4 endoplasms
  8 giant cockroaches
  10 goblins
  8 hobgoblins
  7 jackals
  5 quokkas
  3 bats (D:2)
  5 frilled lizards
  7 kobolds
  6 rats
95 creatures vanquished.

Notes
Turn   | Place    | Note
-------+----------+-------------------------------------------
     0 | D:1      | Sabo the Vine Stalker Fighter began the quest for the Orb.
     0 | D:1      | Reached XP level 1. HP: 11/11 MP: 2/2
   294 | D:1      | Reached XP level 2. HP: 14/16 MP: 3/3
   417 | D:1      | Reached skill level 2 in Axes
   804 | D:1      | Reached XP level 3. HP: 19/19 MP: 4/4
  1616 | D:2      | Gained mutation: Your natural rate of healing is unusually
                  | fast. [Vine Stalker growth]
  1616 | D:2      | Reached XP level 4. HP: 17/23 MP: 5/5
  1621 | D:2      | Reached skill level 1 in Dodging
  2229 | D:3      | Reached skill level 3 in Axes
  2297 | D:3      | Found a blossoming altar of Fedhas.
  2304 | D:3      | Found a shadowy altar of Dithmenos.
  2307 | D:3      | Reached XP level 5. HP: 28/28 MP: 6/6
  2326 | D:3      | Became a worshipper of Dithmenos the Shadowed
  3227 | D:4      | Found a transporter.
  3236 | D:4      | Noticed Taurus's ghost (amateur MiFi)
  3237 | D:4      | Noticed an ogre
  3237 | D:4      | Noticed an ogre
  3240 | D:4      | Found a transporter.
  3779 | D:4      | Noticed a phantom
  3786 | D:4      | Killed a phantom
  3787 | D:4      | Reached XP level 6. HP: 32/32 MP: 7/7
  3936 | D:5      | Entered Level 5 of the Dungeon
  3988 | D:5      | Reached skill level 4 in Axes
  4062 | D:5      | Reached * piety under Dithmenos
  4092 | D:5      | Reached XP level 7. HP: 21/36 MP: 5/8
  4114 | D:5      | HP: 1/36 [poisoned by a gnoll]
  4115 | D:5      | Succumbed to a gnoll's poison

Illustrated notes

Levels and vault maps discovered:
D:1:      dpeg_arrival_rhombi, layout_basic
D:2:      layout_rooms, minmay_circle_x
D:3:      layout_basic, grunt_dithmenos_smoke_and_mirrors,
          overflow_temple_1_default
D:4:      layout_loops_cross, gammafunk_ghost_smash
D:5:      layout_cave_pools, serial_gnoll_camp, gnoll_camp_medium_02,
          gnoll_camp_mini_shop, gnoll_camp_mini_basic, gnoll_camp_mini_doghouse,
          gnoll_camp_mini_hut, gnoll_camp_huts_basic

Skill      XL: |  1  2  3  4  5  6 |
---------------+-------------------+-----
Axes           | 2 3 4 |  4.9
Dodging        | 1 |  1.5
Armour         | 3 |  3.7
Shields        | 3 |  3.5
Fighting       | 3 |  3.4
Stealth        | |  0.5

Action                     |  1- 3 |  4- 6 |  7- 9 || total
---------------------------+-------+-------+-------++-------
  Melee: War axe           |    75 |   159 |    18 ||   252
         Bite              |    14 |    35 |     6 ||    55
    Use: Scroll            |     2 |     6 |       ||     8
         Potion            |     1 |       |       ||     1
 Armour: Scale mail        |    66 |    40 |       ||   106
         Chain mail        |       |    68 |    18 ||    86
  Dodge: Dodged            |    56 |    81 |     9 ||   146
  Block: Buckler           |    17 |    46 |     6 ||    69
